 Dungeon Sprint DCSS version 0.18.1-48-g4cf74bf (webtiles) character file.

1800 Joat the Destroyer (level 8, 0/41 HPs)
             Began as a Deep Elf Air Elementalist on Aug 15, 2016.
             Was a Follower of Vehumet.
             Slain by a centaur warrior (14 damage)
             ... in the Dungeon (Sprint I: "Red Sonja").
             The game lasted 00:13:08 (666 turns).

Joat the Destroyer (Deep Elf Air Elementalist)       Turns: 666, Time: 00:13:12

Health: 0/41       AC:  2    Str:  5    XL:     8   Next: 83%
Magic:  15/26      EV: 13    Int: 23    God:    Vehumet [*.....]
Gold:   513        SH:  0    Dex: 15    Spells: 4 memorised, 21 levels left

rFire  . . .     SeeInvis .     l - +0 blowgun
rCold  . . .     Gourm    .     k - +0 robe (curse)
rNeg   . . .     Faith    .     (no shield)
rPois  .         Spirit   .     (no helmet)
rElec  .         Dismiss  .     (no cloak)
rCorr  .         Reflect  .     (no gloves)
SustAt .         Harm     .     (no boots)
MR     .....     NoTele   +     (no amulet)
Stlth  ++........               (no ring)
                                (no ring)

@: repel missiles, not resistant to hostile enchantments, unstealthy
A: no striking features
a: Renounce Religion


You were in the Dungeon.
You worshipped Vehumet.
Vehumet was aware of your devotion.
You were not hungry.

You visited 1 branch You collected 513 gold pieces.

Inventory:

Hand Weapons
 j - a +0 scythe
 l - a +0 blowgun (weapon)
 m - a +0 short sword of distortion
Missiles
 n - 4 curare-tipped needles (quivered)
Armour
 a - a +0 robe
 k - a cursed +0 robe (worn)
Scrolls
 i - a scroll of blinking
Potions
 d - 2 potions of curing
 e - a potion of heal wounds
 f - a potion of haste
 h - a potion of berserk rage
Books
 b - a book of Air

   Spells                             Type                      Level
   a - Shock                          Conjuration/Air              1
   b - Swiftness                      Charms/Air                   2
   c - Repel Missiles                 Charms/Air                   2
   d - Static Discharge               Conjuration/Air              3
   e - Lightning Bolt                 Conjuration/Air              5
Comestibles
 c - a bread ration
 o - 5 chunks of flesh


   Skills:
 - Level 2.4 Dodging
 - Level 2.4 Stealth
 + Level 12.6 Spellcasting
 * Level 13.6 Conjurations
 * Level 11.8 Air Magic


You had 21 spell levels left.
You knew the following spells:

 Your Spells              Type           Power        Failure   Level  Hunger
a - Shock                 Conj/Air       ####         1%          1    None
b - Static Discharge      Conj/Air       ######..     1%          3    None
c - Repel Missiles        Chrm/Air       #####.       1%          2    None
d - Lightning Bolt        Conj/Air       ######....   1%          5    ###....


Dungeon Overview and Level Annotations

Branches:
Dungeon (1/1)

Altars:
Cheibriados
Dithmenos
Elyvilon
Fedhas
Gozag
Kikubaaqudgha
Makhleb
Nemelex Xobeh
Okawaru
Pakellas
Qazlal
Ru
Sif Muna
Trog
Vehumet
Xom
Yredelemnul
Zin
The Shining One
Jiyva

Shops:
D (


Message History

Confirm with . or Enter, or press ? or * to list all spells.
Aiming: Shock
Press: ? - help, Shift-Dir - straight line, f/p - centaur warrior
Aim: a centaur warrior The zap hits the centaur warrior.
The centaur warrior is lightly wounded.
The centaur warrior closely misses you.
Drink which item? (? for menu, Esc to quit)
Magic courses through your body. The centaur warrior hits you. x2
Casting: Shock
Confirm with . or Enter, or press ? or * to list all spells.
Aiming: Lightning Bolt
Press: ? - help, Shift-Dir - straight line, p - centaur warrior You hear a mighty clap of thunder!
The bolt of lightning misses the centaur warrior.
The bolt of lightning hits the centaur warrior.
The centaur warrior is lightly wounded.
You hear a hideous shriek! x4
The centaur warrior hits you!
You die...

####################
)..#..'..#__#..c..)#
#..'..#..'c.'.)#@..#
##'#####.#__####...+
#..#...#.#### #####
####..##.#
___##'#..+
∩...'..._#
.._##_.#+# ___###'#
######.##


You could see a centaur warrior.

Vanquished Creatures
  Sonja (D)
  2 kobold demonologists (D)
  A slime creature (D)
  Sigmund (D)
  A yak (D)
  A giant eyeball (D)
  An ogre (D)
  A jelly (D)
  Ijyb (D)
10 creatures vanquished.

Notes
Turn   | Place    | Note
--------------------------------------------------------------
     0 | D        | Joat the Deep Elf Air Elementalist began the quest for the Orb.
     0 | D        | Reached XP level 1. HP: 10/10 MP: 6/6
     2 | D        | Noticed Ijyb
    24 | D        | Killed Ijyb
    24 | D        | Reached skill level 6 in Conjurations
    24 | D        | Reached XP level 2. HP: 4/15 MP: 0/8
   243 | D        | Noticed an ogre
   247 | D        | Killed an ogre
   247 | D        | Reached skill level 7 in Conjurations
   247 | D        | Reached skill level 5 in Air Magic
   247 | D        | Reached XP level 3. HP: 19/19 MP: 4/12
   247 | D        | Reached XP level 4. HP: 24/24 MP: 4/14
   263 | D        | Learned a level 3 spell: Static Discharge
   266 | D        | Learned a level 2 spell: Repel Missiles
   331 | D        | Noticed Sigmund
   334 | D        | Killed Sigmund
   334 | D        | Reached skill level 9 in Conjurations
   334 | D        | Reached XP level 5. HP: 28/28 MP: 12/18
   341 | D        | Learned a level 5 spell: Lightning Bolt
   383 | D        | Found a snail-covered altar of Cheibriados.
   383 | D        | Found a viscous altar of Jiyva.
   383 | D        | Found a shadowy altar of Dithmenos.
   383 | D        | Found a blossoming altar of Fedhas.
   383 | D        | Noticed a slime creature
   385 | D        | Killed a slime creature
   385 | D        | Reached skill level 10 in Spellcasting
   385 | D        | Reached skill level 10 in Conjurations
   385 | D        | Reached XP level 6. HP: 32/32 MP: 8/21
   388 | D        | Found a deep blue altar of Sif Muna.
   393 | D        | Found a radiant altar of Vehumet.
   398 | D        | Became a worshipper of Vehumet
   509 | D        | Found Ekho Cil's Antique Weapon Emporium.
   509 | D        | Found a white marble altar of Elyvilon.
   509 | D        | Found a stormy altar of Qazlal.
   509 | D        | Found a burning altar of Makhleb.
   509 | D        | Found a sacrificial altar of Ru.
   509 | D        | Found an oddly glowing altar of Pakellas.
   509 | D        | Found a basalt altar of Yredelemnul.
   509 | D        | Found a glowing golden altar of the Shining One.
   509 | D        | Found a sparkling altar of Nemelex Xobeh.
   509 | D        | Found a shimmering altar of Xom.
   509 | D        | Found an opulent altar of Gozag.
   509 | D        | Found an ancient bone altar of Kikubaaqudgha.
   509 | D        | Found a glowing silver altar of Zin.
   509 | D        | Noticed a yak
   512 | D        | Killed a yak
   512 | D        | Reached skill level 11 in Conjurations
   512 | D        | Reached XP level 7. HP: 36/36 MP: 17/23
   513 | D        | Found an iron altar of Okawaru.
   514 | D        | Noticed Sonja
   514 | D        | Found a bloodstained altar of Trog.
   518 | D        | Killed Sonja
   518 | D        | Reached skill level 12 in Conjurations
   518 | D        | Reached skill level 10 in Air Magic
   518 | D        | Reached XP level 8. HP: 35/41 MP: 8/25
   644 | D        | Noticed a kobold demonologist
   646 | D        | Noticed an orange demon
   646 | D        | Noticed a kobold demonologist
   646 | D        | Reached * piety under Vehumet
   646 | D        | Offered knowledge of Flame Tongue by Vehumet.
   646 | D        | Killed a kobold demonologist
   646 | D        | Reached skill level 13 in Conjurations
   650 | D        | Killed a kobold demonologist
   658 | D        | Noticed a centaur warrior
   666 | D        | Slain by a centaur warrior

Skill      XL: |  1  2  3  4  5  6  7  8 |
---------------+-------------------------+-----
Conjurations   | 6 7 9 10 11 12 13 | 13.6
Spellcasting   | 6 8 10 11 12 | 12.6
Air Magic      | 5 7 8 9 10 11 | 11.8
Dodging        | |  2.4
Stealth        | |  2.4

Action                   |  1- 3 |  4- 6 |  7- 9 || total
-------------------------+-------+-------+-------++-------
Melee: Unarmed           |     7 |       |       ||     7
 Cast: Shock             |    17 |     4 |     3 ||    24
       Repel Missiles    |       |     1 |       ||     1
       Lightning Bolt    |       |     3 |     9 ||    12
  Use: Potion            |     1 |       |     1 ||     2
  Eat: Chunk             |       |       |     1 ||     1
Armor: Robe              |     3 |       |       ||     3
Dodge: Dodged            |    11 |       |     1 ||    12
